 Dungeon Crawl Stone Soup version 0.18-a0-1312-gf98331d (webtiles) character file.

455 Duffy the Ruffian (level 6, -2/51 HPs)
             Began as a Draconian Monk on Feb 14, 2016.
             Was an Elder of Cheibriados.
             Slain by Menkaure (8 damage)
             ... on level 4 of the Dungeon.
             The game lasted 00:04:40 (3775 turns).

Duffy the Ruffian (Draconian Monk)                  Turns: 3775, Time: 00:04:40

Health: -2/51      AC:  6    Str: 26    XL:     6   Next: 76%
Magic:  6/6        EV: 16    Int: 19    God:    Cheibriados [****..]
Gold:   217        SH:  0    Dex: 23    Spells: 0 memorised, 5 levels left

rFire  + . .     SeeInvis .       - Unarmed
rCold  . . .     Gourm    .     (armour unavailable)
rNeg   . . .     Faith    +     (no shield)
rPois  .         Spirit   .     (helmet restricted)
rElec  .         Dismiss  .     (no cloak)
rCorr  .         Reflect  .     (no gloves)
SustAt .         Harm     .     (no boots)
MR     .....                    p - amulet of faith
Stlth  ++........               d - +2 ring of strength
                                u - ring of protection from fire

@: very slow, not resistant to hostile enchantments, unstealthy
A: unfitting armour, cold-blooded, AC +6
a: Bend Time, Temporal Distortion, Slouch, Renounce Religion


You were on level 4 of the Dungeon.
You worshipped Cheibriados.
Cheibriados was greatly pleased with you.
You were not hungry.

You visited 1 branch of the dungeon, and saw 4 of its levels.

You collected 217 gold pieces.


Innate Abilities, Weirdness & Mutations

Your plain brown scales are hard (AC +6).
Your body does not fit into most forms of armour.
You are cold-blooded and may be slowed by cold attacks.


   Skills:
 - Level 3.2 Fighting
 - Level 4.2 Dodging
 - Level 1.7 Stealth
 * Level 7.3 Unarmed Combat
 + Level 0.4 Invocations


You had 5 spell levels left.
You didn't know any spells.

Inventory:

Jewellery
 d - a +2 ring of strength (right hand)
 g - a cursed +2 ring of evasion {unknown}
 p - an amulet of faith (around neck)
 u - a ring of protection from fire (left hand)
Wands
 r - a wand of confusion (33/48)
Scrolls
 b - a scroll of teleportation {unknown}
 l - 3 scrolls of noise {unknown}
 q - a scroll of recharging {unknown}
 s - 2 scrolls of fear {unknown}
 t - a scroll of remove curse {unknown}
 v - a scroll of enchant armour {unknown}
Potions
 e - a potion of lignification
 h - a potion of agility
 i - a potion of brilliance {unknown}
 n - a potion of flight {unknown}
 o - 3 potions of curing
Books
 w - a book of Alchemy
Comestibles
 a - 4 bread rations
 c - a beef jerky
 f - 2 slices of pizza
 k - 2 fruits
 m - 2 meat rations
 x - a chunk of flesh

Dungeon Overview and Level Annotations

Branches:
Dungeon (4/15)
 Temple: D:4-7

Altars:
Cheibriados
Dithmenos
Okawaru
Trog
Vehumet

Shops:
D:4 *

Annotations:
D:3 exclusion: giant newt, Natasha
D:4 Menkaure


Message History

You now have 212 gold pieces (gained 13).
l - 3 scrolls labeled ENACACS PEHE (gained 1)
You now have 217 gold pieces (gained 5).
You open the door.
Menkaure, Prince of Dust comes into view.
Menkaure shouts!
Menkaure hits you!!
You hit Menkaure.
Menkaure is moderately damaged.
Menkaure hits you!!
You are too injured to fight recklessly!
You are too injured to fight recklessly!
You completely miss Menkaure.
Menkaure is moderately damaged.
You hit Menkaure.
Menkaure is moderately damaged.
Menkaure completely misses you.
Drink which item? (? for menu, Esc to quit)
You feel much better. Menkaure closely misses you.
You hit Menkaure but do no damage.
You tail-slap Menkaure, but do no damage.
Menkaure is moderately damaged.
You hit Menkaure.
Menkaure is heavily damaged.
Menkaure points at you and mumbles some strange words.
Pain shoots through your body!
You hit Menkaure but do no damage.
Menkaure is heavily damaged.
Menkaure gestures at you while chanting.
Pain shoots through your body!
You hit Menkaure but do no damage. You tail-slap Menkaure!
You punch Menkaure, but do no damage.
Menkaure is severely damaged.
Menkaure hits you!
You die...

#...?.......#.#
#...........#.#
#####...######.#'#######
#......[...# #..........
#.....\....# #..........
##..........#
#..........
######...####
#.......... ## #.###
#.......... .# #.#
#.@........ .## #.#
#M########. ..# #.# #...
..####.#######...
#.........(..+....
#...##.#######....
....#.... ..####
..#.#..### #. ..#.#..#


You could see Menkaure.

Action                   |  1- 3 |  4- 6 || total
-------------------------+-------+-------++-------
Melee: Unarmed           |   120 |   132 ||   252
  Use: Scroll            |       |     6 ||     6
       Potion            |       |     1 ||     1
 Stab: Sleeping          |     7 |     3 ||    10
       Distracted        |     1 |       ||     1
  Eat: Chunk             |     2 |     3 ||     5

Notes
Turn   | Place    | Note
--------------------------------------------------------------
     0 | D:1      | Duffy the Draconian Monk began the quest for the Orb.
     0 | D:1      | Reached XP level 1. HP: 19/19 MP: 1/1
   150 | D:1      | Reached XP level 2. HP: 21/26 MP: 2/2
   930 | D:1      | Reached skill level 5 in Unarmed Combat
   930 | D:1      | Reached XP level 3. HP: 31/31 MP: 3/3
  1441 | D:2      | Found a snail-covered altar of Cheibriados.
  1449 | D:2      | Became a worshipper of Cheibriados the Contemplative
  1449 | D:2      | Reached * piety under Cheibriados
  1449 | D:2      | Reached ** piety under Cheibriados
  1803 | D:2      | Found a faded altar to an unknown god.
  1970 | D:2      | Reached XP level 4. HP: 29/38 MP: 4/4
  2087 | D:2      | Reached skill level 3 in Dodging
  2404 | D:2      | Reached *** piety under Cheibriados
  2448 | D:3      | Found a bloodstained altar of Trog.
  2511 | D:3      | Reached XP level 5. HP: 41/45 MP: 5/5
  2517 | D:3      | Reached skill level 6 in Unarmed Combat
  2555 | D:3      | Found an iron altar of Okawaru.
  2799 | D:3      | Noticed Natasha
  2919 | D:3      | Noticed Jessica
  2936 | D:3      | Reached **** piety under Cheibriados
  2957 | D:3      | Killed Jessica
  3043 | D:3      | Noticed Terence
  3065 | D:3      | Killed Terence
  3104 | D:3      | Found a radiant altar of Vehumet.
  3322 | D:4      | Found a shadowy altar of Dithmenos.
  3349 | D:4      | Noticed an ogre
  3354 | D:4      | Killed an ogre
  3354 | D:4      | Reached skill level 4 in Dodging
  3354 | D:4      | Reached XP level 6. HP: 2/51 MP: 6/6
  3356 | D:4      | Reached skill level 7 in Unarmed Combat
  3681 | D:4      | Found Eenk's Eclectic Emporium.
  3765 | D:4      | Noticed Menkaure
  3775 | D:4      | Slain by Menkaure

Vault maps used:
D:1:      dpeg_arrival_court
D:2:      cheibriados_altar_1, ecumenical_altar_2, hangedman_decor_growths
D:3:      nicolae_overflow_hidden_temple, grunt_temple_overflow_open,
          first_bread, uniq_jessica, uniq_terence, uniq_natasha
D:4:      grunt_dithmenos_smoke, nicolae_alphabet_shops, uniq_menkaure

Vanquished Creatures
  An ogre
  A scorpion
  An orc wizard Jessica
  3 iguanas Terence
  A worker ant
  6 adders
  3 worms
  3 giant geckos
  4 orcs
  A ball python
  10 bats
  3 giant cockroaches
  6 goblins
  4 hobgoblins
  4 jackals
  9 kobolds
  2 quokkas
  A giant gecko skeleton
  7 giant newts
  8 rats
80 creatures vanquished.
